 Dungeon Crawl Stone Soup version 0.24.0-13-gcf9b319 (webtiles) character file.

Game seed: 6146872767197611409, levelgen mode: deterministic

76 Doobh the Conjurer (level 4, 0/25 HPs)
             Began as a Tengu Conjurer on Jan 4, 2020.
             Succumbed to an adder's poison
             ... on level 2 of the Dungeon.
             The game lasted 00:06:08 (1583 turns).

Doobh the Conjurer (Tengu Conjurer)                 Turns: 1583, Time: 00:06:09

Health: 0/25       AC:  2    Str:  9    XL:     4   Next: 32%
Magic:  2/8        EV: 13    Int: 21    God:
Gold:   80         SH:  0    Dex: 14    Spells: 5/8 levels left

rFire    . . .     SeeInvis .   (no weapon)
rCold    . . .     Gourm    .   (no shield)
rNeg     . . .     Faith    .   a - +0 robe
rPois    .         Spirit   .   (helmet restricted)
rElec    .         Reflect  .   (no cloak)
rCorr    .         Harm     .   (no gloves)
MR       .....                  (boots unavailable)
Stlth    ++........             (no amulet)
HPRegen  0.08/turn              (no ring)
MPRegen  0.11/turn              (no ring)

@: brilliant, lethally poisoned (0 -> -8), very slightly contaminated
A: beak, talons 3
a: no special abilities


You were on level 2 of the Dungeon.
You were hungry.

You visited 1 branch of the dungeon, and saw 2 of its levels.

You collected 80 gold pieces.

Inventory:

Armour
 a - a +0 robe (worn)
Jewellery
 h - an uncursed ring of resist corrosion
Scrolls
 b - 3 scrolls of teleportation {unknown}
 d - a scroll of fog {unknown}
 e - 2 scrolls of remove curse {unknown}
 f - 2 scrolls of identify
Comestibles
 c - a ration
 g - 5 chunks of flesh


   Skills:
 + Level 1.3 Fighting
 + Level 2.9 Dodging
 + Level 2.7 Stealth
 + Level 2.5 Spellcasting
 + Level 5.8 Conjurations


You had 5 spell levels left.
You knew the following spells:

 Your Spells              Type           Power        Failure   Level  Hunger
a - Magic Dart            Conj           ####         1%          1    None
b - Searing Ray           Conj           #####.       1%          2    ##.....

Your spell library contained the following spells:

 Spells                   Type           Power        Failure   Level  Hunger
 Dazzling Spray           Conj/Hex       ####..       1%          3    ###....
 Iskenderun's Mystic Bla  Conj           #####...     1%          4    ####...
 Force Lance              Conj/Tloc      ####....     4%          4    ####...
 Fulminant Prism          Conj/Hex       ####......   4%          4    ####...


Dungeon Overview and Level Annotations

Branches:
Dungeon (2/15)

Altars:


Innate Abilities, Weirdness & Mutations

You have a beak for a mouth.
You have claws for feet.


Message History

You feel sick.
Things that are here:
a chunk of flesh; an adder skeleton
g - 5 chunks of flesh (gained 1)
* * * LOW HITPOINT WARNING * * *
You feel sick.
As you read the scroll labeled FEHOSYNOMA, it crumbles to dust.
It is a scroll of identify.
h - an uncursed ring of resist corrosion
There is a lethal amount of poison in your body!
There is a lethal amount of poison in your body!
* * * LOW HITPOINT WARNING * * *
You feel sick.
* * * LOW HITPOINT WARNING * * *
You feel sick.
* * * LOW HITPOINT WARNING * * *
You feel sick.
* * * LOW HITPOINT WARNING * * *
You feel sick.
You die...

... .....^.##### #..
...........#
#.#..#.##.#.##.#
#.#.... ....##.#
#.#..# ##.#.##.#
...####....#.#..#.##.#
.............#..#.##.#
#@# #..#.##)### #.#
#.........# #.#
#.##.##.#.#
#.#.####.##......)
#.#............##( #
#.#.........##.##. .
#.#.######.#####....
....#..######.# #####
#..........#########


There were no monsters in sight!

Vanquished Creatures
  2 adders
  A worm (D:1)
  3 dart slugs (D:1)
  2 giant cockroaches (D:1)
  7 goblins
  4 hobgoblins
  3 jackals (D:1)
  7 kobolds
  7 bats
  6 frilled lizards
  7 rats
49 creatures vanquished.

Notes
Turn   | Place    | Note
-------+----------+-------------------------------------------
     0 | D:1      | Doobh the Tengu Conjurer began the quest for the Orb.
     0 | D:1      | Reached XP level 1. HP: 10/10 MP: 4/4
   313 | D:1      | Reached XP level 2. HP: 16/16 MP: 3/6
   552 | D:1      | Reached XP level 3. HP: 20/20 MP: 0/7
   648 | D:1      | Reached skill level 1 in Fighting
  1359 | D:2      | Reached XP level 4. HP: 25/25 MP: 6/8
  1444 | D:2      | Learned a level 2 spell: Searing Ray
  1581 | D:2      | HP: 1/25 [poisoned by an adder]
  1583 | D:2      | Succumbed to an adder's poison

Levels and vault maps discovered:
D:1:      minmay_arrival_four_houses, layout_loops_ring
D:2:      layout_loops_ring, marbit_many_paths

Skill      XL: |  1  2  3 |
---------------+----------+-----
Fighting       | 1 |  1.3
Dodging        | |  2.9
Stealth        | |  2.7
Spellcasting   | |  2.5
Conjurations   | |  5.8

Action                   |  1- 3 |  4- 6 || total
-------------------------+-------+-------++-------
Melee: Unarmed           |     7 |     6 ||    13
       Kick              |     2 |       ||     2
       Peck              |     2 |       ||     2
 Cast: Magic Dart        |    76 |     8 ||    84
       Searing Ray       |       |     8 ||     8
  Use: Potion            |     1 |     1 ||     2
       Scroll            |       |     1 ||     1
  Eat: Chunk             |     2 |     1 ||     3
Armor: Robe              |     7 |       ||     7
Dodge: Dodged            |    42 |     9 ||    51
